 Dungeon Crawl Stone Soup version 0.25.0-9-g26727b657a (webtiles) character file.

Game seed: 7070151784911667664

114 Lekan the Ruffian (level 4, -3/44 HPs)
             Began as a Troll Monk on June 19, 2020.
             Shot with an arrow by a centaur (5 damage)
             ... on level 3 of the Dungeon.
             The game lasted 00:09:32 (1522 turns).

Lekan the Ruffian (Troll Monk)                      Turns: 1522, Time: 00:09:33

Health: -3/44      AC:  6    Str: 20    XL:     4   Next: 67%
Magic:  3/3        EV: 11    Int:  6    God:
Gold:   94         SH:  0    Dex: 12    Spells: 3/3 levels left

rFire    . . .     SeeInvis .     - Unarmed
rCold    . . .     Gourm    +   (no shield)
rNeg     . . .     Faith    .   a - +0 robe
rPois    .         Spirit   .   (helmet restricted)
rElec    .         Reflect  .   (no cloak)
rCorr    .         Harm     .   (gloves unavailable)
MR       .....                  (boots unavailable)
Stlth    ++........             c - amulet of inaccuracy (curse)
HPRegen  0.54/turn              (no ring)
MPRegen  0.08/turn              (no ring)

@: no status effects
A: large, unfitting armour, claws 3, fast metabolism 3, gourmand, regeneration
1, shaggy fur 1, tough skin 3
a: no special abilities


You were on level 3 of the Dungeon.
You were very full.

You visited 1 branch of the dungeon, and saw 3 of its levels.

You collected 94 gold pieces.

Inventory:

Missiles
 f - 4 poisoned darts (quivered)
Armour
 a - a +0 robe (worn)
Jewellery
 c - a cursed amulet of inaccuracy (around neck)
Scrolls
 d - 4 scrolls of remove curse {unknown}
 h - 2 scrolls of identify {unknown}
 j - a scroll of enchant armour {unknown}
 k - a scroll of teleportation {unknown}
 l - a scroll of enchant weapon {unknown}
 m - a scroll of blinking {unknown}
Potions
 e - a potion of berserk rage {unknown}
 g - 2 potions of curing {unknown}
 i - 2 potions of heal wounds {unknown}
Comestibles
 b - 5 rations


   Skills:
 + Level 2.7 Fighting
 + Level 1.0 Throwing
 + Level 3.0 Dodging
 + Level 1.3 Stealth
 + Level 4.3 Unarmed Combat


You had 3 spell levels left.
You didn't know any spells.
Your spell library contained the following spells:

 Spells                   Type           Power        Failure   Level  Hunger
 Magic Dart               Conj           #...         45%         1    ##.....
 Blink                    Tloc           N/A          58%         2    ###....
 Call Imp                 Summ           #.......     58%         2    ###....
 Slow                     Hex            #.......     58%         2    ###....
 Conjure Flame            Conj/Fire      #.......     83%         3    ####...
 Mephitic Cloud           Conj/Pois/Air  #.......     83%         3    ####...


Dungeon Overview and Level Annotations

Branches:
Dungeon (3/15)

Altars:


Innate Abilities, Weirdness & Mutations

You are too large for most types of armour.
You have claws for hands.
Your metabolism is lightning-fast.
You like to eat raw meat.
Your natural rate of healing is unusually fast.
You are covered in fur. (AC +1)
You have extremely tough skin. (AC +3)


Message History

The centaur barely misses you.
The centaur hits you but does no damage.
You scratch the centaur but do no damage.
Your claw misses the centaur.
The centaur is almost dead.
The centaur hits you.
* * * LOW HITPOINT WARNING * * *
You closely miss the centaur.
The centaur is almost dead.
The centaur closely misses you. The centaur hits you.
* * * LOW HITPOINT WARNING * * *
The centaur wields a +0 shortbow.
The centaur shoots an arrow.
The arrow hits you.
* * * LOW HITPOINT WARNING * * *
You see here 2 arrows.
The centaur shoots an arrow.
The arrow hits you but does no damage.
You see here an arrow.
The centaur shoots an arrow.
The arrow barely misses you.
The centaur shoots an arrow.
The arrow hits you.
You die...

... ..# #.# #.# . #.#
#.# .. #.# #.#
#.#######$###.#######
##...........<.......#
..................#
##.....####cK.....#
.......@(()....#..#
...########.####..# #
#.# #..# #.# #.รท# #?#
#..## #.# #...# #.#
#.#.# #.# #.#.#####
#.####.......#


You could see a centaur and a kobold.

Vanquished Creatures
  Terence (D:2)
  3 adders
  An ooze (D:1)
  2 worms (D:2)
  4 dart slugs
  3 leopard geckos
  3 giant cockroaches
  4 goblins
  3 hobgoblins (D:1)
  4 jackals (D:2)
  2 quokkas
  5 bats
  A frilled lizard (D:1)
  3 kobolds
  5 rats (D:2)
44 creatures vanquished.

Notes
Turn   | Place    | Note
-------+----------+-------------------------------------------
     0 | D:1      | Lekan the Troll Monk began the quest for the Orb.
     0 | D:1      | Reached XP level 1. HP: 22/22 MP: 0/0
   204 | D:1      | Reached XP level 2. HP: 29/29 MP: 1/1
   720 | D:2      | Reached XP level 3. HP: 34/36 MP: 2/2
  1037 | D:2      | Reached XP level 4. HP: 43/44 MP: 3/3
  1041 | D:2      | Reached skill level 4 in Unarmed Combat
  1180 | D:2      | Noticed Terence
  1196 | D:2      | Killed Terence
  1491 | D:3      | Noticed a centaur
  1502 | D:3      | Reached skill level 1 in Throwing
  1520 | D:3      | HP: 1/44 [centaur/arrow (3)]
  1522 | D:3      | Shot with an arrow by a centaur

Illustrated notes

Levels and vault maps discovered:
D:1:      lordsloth_arrival_two_stooges, layout_basic, st_stairs_9
D:2:      layout_basic, first_ration, uniq_terence
D:3:      layout_loops_ring, zin_angel, roderic_roman_lattice

Skill      XL: |  1  2  3  4 |
---------------+-------------+-----
Unarmed Combat | 4 |  4.3
Throwing       | 1 |  1.0
Dodging        | 3 |  3.0
Fighting       | |  2.7
Stealth        | |  1.3

Action                   |  1- 3 |  4- 6 || total
-------------------------+-------+-------++-------
Melee: Unarmed           |    90 |    55 ||   145
       Punch             |     1 |     1 ||     2
Throw: Dart              |    15 |     4 ||    19
 Stab: Sleeping          |     4 |     1 ||     5
  Eat: Chunk             |    15 |     4 ||    19
Armor: Robe              |    29 |    24 ||    53
Dodge: Dodged            |    45 |    32 ||    77
